 Dungeon Crawl Stone Soup version 0.24.0-2-g5b39cebb1c (webtiles) character file.

Game seed: 6520685033812131505, levelgen mode: deterministic

235 Mrkan the Ruffian (level 5, -1/53 HPs)
             Began as a Troll Monk on Oct 31, 2019.
             Slain by a kobold (4 damage)
             ... on level 3 of the Dungeon.
             The game lasted 00:03:10 (1279 turns).

Mrkan the Ruffian (Troll Monk)                      Turns: 1279, Time: 00:03:11

Health: -1/53      AC:  7    Str: 19    XL:     5   Next: 76%
Magic:  4/4        EV: 10    Int:  7    God:
Gold:   79         SH:  0    Dex: 12    Spells: 4/4 levels left

rFire    . . .     SeeInvis .     - Unarmed
rCold    . . .     Gourm    +   (no shield)
rNeg     . . .     Faith    .   a - +0 robe
rPois    .         Spirit   .   (helmet restricted)
rElec    .         Reflect  .   i - +0 cloak (curse)
rCorr    .         Harm     .   (gloves unavailable)
MR       .....                  (boots unavailable)
Stlth    ++........             (no amulet)
HPRegen  0.57/turn              (no ring)
MPRegen  0.09/turn              (no ring)

@: lethally poisoned (-1 -> -1), very slow
A: large, unfitting armour, claws 3, fast metabolism 3, gourmand, regeneration
1, shaggy fur 1, tough skin 3
a: no special abilities


You were on level 3 of the Dungeon.
You were very full.

You visited 1 branch of the dungeon, and saw 4 of its levels.

You collected 79 gold pieces.

Inventory:

Missiles
 j - 4 large rocks (quivered)
Armour
 a - a +0 robe (worn)
 i - a cursed +0 cloak (worn)
Jewellery
 f - an uncursed ring of protection from magic {unknown}
 h - an uncursed ring of resist corrosion {unknown}
Scrolls
 d - a scroll of teleportation {unknown}
 e - 3 scrolls of remove curse {unknown}
 g - a scroll of identify {unknown}
 k - a scroll of noise {unknown}
Comestibles
 b - 4 rations
 c - 4 chunks of flesh


   Skills:
 + Level 3.6 Fighting
 + Level 1.0 Throwing
 - Level 2.4 Dodging
 - Level 1.0 Stealth
 * Level 5.5 Unarmed Combat


You had 4 spell levels left.
You didn't know any spells.
Your spell library was empty.

Dungeon Overview and Level Annotations

Branches:
Dungeon (4/15)
 Temple: D:4-7

Altars:
Ashenzari


Innate Abilities, Weirdness & Mutations

You are too large for most types of armour.
You have claws for hands.
Your metabolism is lightning-fast.
You like to eat raw meat.
Your natural rate of healing is unusually fast.
You are covered in fur. (AC +1)
You have extremely tough skin. (AC +3)


Message History

The river rat bites you.
* * * LOW HITPOINT WARNING * * *
The rat barely misses you.
You claw the river rat!
You kill the river rat!
You scratch the goblin.
You kill the goblin!
Your Throwing skill increases to level 1!
You feel sick.
The rat splashes around in the water.
You scratch the rat.
You kill the rat!
The kobold hits you.
* * * LOW HITPOINT WARNING * * *
The kobold hits you but does no damage.
You see here a rat corpse.
You scratch the kobold but do no damage.
You feel sick.
The kobold splashes around in the water.
You barely miss the kobold. The kobold hits you.
You die...

#. # #....##.#####.#
..##. #..#..........#
.....###.......#######
#...≈≈######## #..≈≈≈#
#...#≈#### #..≈≈≈#≈≈
###..≈#K#≈##### ##
....≈≈rS#≈≈≈K@##≈#
.#...≈#S#†#≈#≈≈≈≈#
##g.≈#≈#≈#≈###### #...
#SrS#≈≈ .w... ########
.b.. ..##


You could see a kobold.

Vanquished Creatures
  A centaur (D:2)
  A gnoll (D:1)
  3 river rats (D:3)
  5 adders
  An ooze (D:3)
  2 worms
  3 dart slugs
  2 leopard geckos
  An orc (D:3)
  A ball python (D:1)
  2 giant cockroaches
  4 hobgoblins
  6 bats
  4 frilled lizards
  7 goblins
  8 kobolds
  4 rats
55 creatures vanquished.

Notes
Turn   | Place    | Note
-------+----------+-------------------------------------------
     0 | D:1      | Mrkan the Troll Monk began the quest for the Orb.
     0 | D:1      | Reached XP level 1. HP: 22/22 MP: 0/0
   133 | D:1      | Reached XP level 2. HP: 29/29 MP: 1/1
   294 | D:1      | Reached XP level 3. HP: 36/36 MP: 2/2
   488 | D:1      | Reached skill level 4 in Unarmed Combat
   794 | D:2      | Noticed a centaur
   804 | D:2      | Killed a centaur
   804 | D:2      | Reached skill level 5 in Unarmed Combat
   804 | D:2      | Reached XP level 4. HP: 34/45 MP: 3/3
   804 | D:2      | Reached XP level 5. HP: 40/53 MP: 4/4
   842 | D:2      | Found a shattered altar of Ashenzari.
   941 | D:2      | You fall into a shaft and drop 2 floors!
  1275 | D:3      | Reached skill level 1 in Throwing
  1279 | D:3      | Slain by a kobold

Levels and vault maps discovered:
D:1:      tarquinn_simple_flora_water_c, layout_basic, serial_rivers,
          chequers_serial_rivers_small_a, chequers_serial_rivers_small_b,
          chequers_serial_rivers_micro_c, chequers_serial_rivers_room_a,
          chequers_serial_rivers_large_a
D:2:      layout_loops_ring, nicolae_ashenzari_panopticon, uniq_terence
D:3:      layout_loops_corners, lightli_sewer_entry_pipes
D:4:      layout_basic, hangedman_ru_absence, minmay_temple_entry_mini_moons,
          serial_shops, shop

Skill      XL: |  1  2  3  4  5 |
---------------+----------------+-----
Unarmed Combat | 5 |  5.5
Fighting       | 3 |  3.6
Throwing       | 1 |  1.0
Dodging        | |  2.4
Stealth        | |  1.0

Action                   |  1- 3 |  4- 6 || total
-------------------------+-------+-------++-------
Melee: Unarmed           |    84 |    46 ||   130
       Punch             |       |     1 ||     1
 Stab: Sleeping          |     2 |     1 ||     3
       Distracted        |     1 |       ||     1
  Eat: Chunk             |    13 |     4 ||    17
Armor: Robe              |    36 |    25 ||    61
Dodge: Dodged            |    49 |    39 ||    88
